[Event "4NCL 2021-22"]
[Site "England"]
[Date "2022.02.12"]
[Round "3.79"]
[White "Kelmendi, Bajrush"]
[Black "Metcalfe, Charlie P"]
[Result "1-0"]
[ECO "A22"]
[WhiteElo "2086"]
[BlackElo "1792"]
[Annotator "ChessBase"]
[PlyCount "93"]
[EventDate "2021.11.27"]
[EventType "team-tourn"]
[EventCountry "ENG"]
[SourceTitle "playchess.com"]
[Source "ChessBase"]
[SourceQuality "1"]
[TimeControl "40/6000+30:3000+30"]

1. c4 e5 2. Nc3 Nf6 3. e4 Bc5 4. d3 O-O 5. Be2 c6 6. g4 d6 7. h4 Be6 8. Be3 Bxe3 9. fxe3 Qb6 10. g5 Qxb2 11. Rc1 Nfd7 12. Nf3 Nb6 13. O-O N8d7 14. Rf2 Qb4 15. Qc2 d5 16. Rb1 Qa5 17. exd5 cxd5 18. Rb5 Qa3 19. cxd5 Bg4 20. e4 Rac8 21. Rb3 Qc5 22. Qd2 Rc7 23. Kg2 Rfc8 24. Nb5 Qc2 25. Nxc7 Rxc7 26. Qxc2 Rxc2 27. Ng1 Bxe2 28. Rxe2 Rc1 29. Nf3 Kf8 30. Rbb2 Ke7 31. Rbc2 Rxc2 32. Rxc2 Kd6 33. Kf2 Na4 34. Ke3 Nac5 35. d4 Na6 36. dxe5+ Nxe5 37. Nd4 Kd7 38. a3 Ng6 39. h5 Ne5 40. Nb5 g6 41. hxg6 hxg6 42. Nxa7 Nc7 43. a4 Kd6 44. Nb5+ Nxb5 45. axb5 Ng4+ 46. Kd4 Ne5 47. Rf2 1-0

[Event "4NCL 2021-22"]
[Site "England"]
[Date "2022.02.12"]
[Round "3.80"]
[White "Jakhria, Kushal"]
[Black "Macleod, Andrew"]
[Result "*"]
[ECO "E07"]
[WhiteElo "1328"]
[BlackElo "1640"]
[Annotator "NA"]
[PlyCount "57"]
[EventDate "2021.11.27"]
[EventType "team-tourn"]
[EventCountry "ENG"]
[SourceTitle "playchess.com"]
[Source "ChessBase"]
[SourceQuality "1"]
[TimeControl "40/6000+30:3000+30"]

1. d4 Nf6 2. c4 e6 3. Nf3 b6 4. g3 Bb7 5. Bg2 Be7 6. O-O O-O 7. Nc3 d5 8. b3 Nbd7 9. Qc2 c5 10. Rd1 Qc7 11. Bf4 Bd6 12. Nb5 Qc6 13. Bxd6 Rfc8 14. Bf4 Ne4 15. Ne1 cxd4 16. Nxd4 Qc5 17. Bxe4 dxe4 18. Nxe6 fxe6 19. Rxd7 Bc6 20. Rdd1 Qf5 21. Ng2 g5 22. Be3 Rf8 23. Rd6 Rac8 24. Rad1 h5 25. Qd2 Kh7 26. Rxc6 Rxc6 27. Qd7+ Rf7 28. Qxc6 e5 29. Rd6 *

[Event "4NCL 2021-22"]
[Site "England"]
[Date "2022.02.13"]
[Round "4.13"]
[White "Golding, Alex"]
[Black "Griffiths, Ryan Rhys"]
[Result "1/2-1/2"]
[ECO "B87"]
[WhiteElo "2331"]
[BlackElo "2352"]
[Annotator "ChessBase"]
[PlyCount "202"]
[EventDate "2021.11.27"]
[EventType "team-tourn"]
[EventCountry "ENG"]
[SourceTitle "playchess.com"]
[Source "ChessBase"]
[SourceQuality "1"]
[TimeControl "40/6000+30:3000+30"]

1. e4 c5 2. Nf3 d6 3. d4 cxd4 4. Nxd4 Nf6 5. Nc3 a6 6. Bc4 b5 7. Bb3 e6 8. a3 Bb7 9. O-O Nbd7 10. Re1 Nc5 11. Bd5 Qc7 12. Bxb7 Qxb7 13. Qe2 Be7 14. b4 Ncd7 15. a4 bxa4 16. Nxa4 O-O 17. c4 Rfc8 18. Bd2 Ne5 19. Nb2 Bd8 20. Nf3 Nxf3+ 21. Qxf3 Nd7 22. Bc3 Bf6 23. Bxf6 Nxf6 24. e5 Qxf3 25. gxf3 dxe5 26. Rxe5 Rab8 27. Ra4 Nd7 28. Rea5 Nb6 29. Ra2 Nxc4 30. Rxa6 Ne5 31. f4 Nc6 32. Nd3 Nxb4 33. Nxb4 Rxb4 34. Ra8 Rf8 35. R2a4 Rxa4 36. Rxa4 g6 37. Kg2 Kg7 38. Kg3 Rd8 39. Ra3 Rd1 40. h3 Kf6 41. Ra7 h6 42. Rb7 Rd3+ 43. f3 g5 44. fxg5+ hxg5 45. Rb4 e5 46. h4 gxh4+ 47. Rxh4 Kf5 48. Rh5+ Ke6 49. Kf2 f5 50. Rh8 f4 51. Re8+ Kf6 52. Rf8+ Ke7 53. Ra8 Rd2+ 54. Ke1 Rd8 55. Ra6 Rd6 56. Ra8 Ke6 57. Ke2 Rb6 58. Re8+ Kd5 59. Rd8+ Kc4 60. Rc8+ Kd4 61. Rd8+ Kc5 62. Rc8+ Rc6 63. Re8 Kd5 64. Rd8+ Rd6 65. Ra8 Ke6 66. Re8+ Kf6 67. Rf8+ Ke7 68. Ra8 Rb6 69. Kf2 Rb2+ 70. Kf1 Ke6 71. Ra5 Kf5 72. Rc5 Ra2 73. Rb5 Ke6 74. Rb8 Kd5 75. Rd8+ Kc4 76. Rd7 Ra1+ 77. Ke2 Ra2+ 78. Kf1 Ra3 79. Ke2 Ra2+ 80. Kf1 Ra5 81. Ke2 Rd5 82. Ra7 Rb5 83. Rc7+ Rc5 84. Rd7 Rb5 85. Rc7+ Kd5 86. Rd7+ Ke6 87. Rd8 Rb3 88. Re8+ Kf6 89. Rf8+ Ke7 90. Ra8 Re3+ 91. Kf2 Ke6 92. Re8+ Kd5 93. Rd8+ Kc4 94. Rc8+ Kd3 95. Rd8+ Kc2 96. Rc8+ Rc3 97. Rd8 Rd3 98. Rc8+ Kd2 99. Rc5 Re3 100. Rd5+ Kc3 101. Rd8 e4 1/2-1/2

[Event "4NCL 2021-22"]
[Site "England"]
[Date "2022.02.13"]
[Round "4.15"]
[White "Povah, Nigel E"]
[Black "Sowray, Peter J"]
[Result "0-1"]
[ECO "D00"]
[WhiteElo "2245"]
[BlackElo "2226"]
[Annotator "NA"]
[PlyCount "48"]
[EventDate "2021.11.27"]
[EventType "team-tourn"]
[EventCountry "ENG"]
[SourceTitle "playchess.com"]
[Source "ChessBase"]
[SourceQuality "1"]
[TimeControl "40/6000+30:3000+30"]

1. d4 d5 2. Bf4 c5 3. e3 Nc6 4. c3 Bf5 5. Nd2 e6 6. Ngf3 Qb6 7. Nh4 Be4 8. f3 Bg6 9. Nxg6 hxg6 10. Qb3 Nf6 11. h3 Be7 12. Bb5 O-O 13. O-O c4 14. Qa4 e5 15. Bg5 exd4 16. exd4 Ne5 17. Kh1 Nd3 18. Rab1 Qc7 19. Qd1 a6 20. Ba4 Nh5 21. Be3 Qg3 22. Rg1 Bd6 23. Nf1 Qh2+ 24. Nxh2 Ng3# 0-1

[Event "4NCL 2021-22"]
[Site "England"]
[Date "2022.02.13"]
[Round "4.16"]
[White "Ratnesan, Radha"]
[Black "Kalaiyalahan, Akshaya"]
[Result "0-1"]
[ECO "D02"]
[WhiteElo "1623"]
[BlackElo "2208"]
[Annotator "ChessBase"]
[PlyCount "102"]
[EventDate "2021.11.27"]
[EventType "team-tourn"]
[EventCountry "ENG"]
[SourceTitle "playchess.com"]
[Source "ChessBase"]
[SourceQuality "1"]
[TimeControl "40/6000+30:3000+30"]

1. d4 d5 2. Nf3 Nf6 3. Bf4 c5 4. e3 Nc6 5. c3 e6 6. Bd3 Bd6 7. Bg3 O-O 8. Nbd2 a6 9. a4 Re8 10. O-O Bxg3 11. hxg3 b6 12. Re1 Bb7 13. Ne5 Nxe5 14. dxe5 Nd7 15. f4 Nf8 16. Nf3 Qd7 17. Bc2 Red8 18. e4 dxe4 19. Qxd7 Rxd7 20. Bxe4 Bxe4 21. Rxe4 h6 22. Re2 Rad8 23. Kf2 Ng6 24. Ke1 Ne7 25. Nd2 Nf5 26. Ne4 a5 27. Rb1 h5 28. Kf2 Kh7 29. Rh1 Kg6 30. Ng5 Nh6 31. Rc1 Rd1 32. Rxd1 Rxd1 33. Rc2 Ra1 34. Ne4 Rxa4 35. Nd6 Ra2 36. Ke2 Nf5 37. Kf2 a4 38. Nb5 Ne7 39. Kf3 Nd5 40. Ke4 Ra1 41. Re2 Rd1 42. c4 Ne7 43. Nd6 Rd4+ 44. Kf3 Nf5 45. Nc8 Rxc4 46. Kf2 Rb4 47. Rd2 Rb3 48. Nd6 Nxg3 49. Rc2 h4 50. Rd2 Nh5 51. f5+ exf5 0-1

[Event "4NCL 2021-22"]
[Site "England"]
[Date "2022.02.13"]
[Round "4.20"]
[White "Chow, Samuel"]
[Black "Redmond, John P."]
[Result "1/2-1/2"]
[ECO "D41"]
[WhiteElo "2400"]
[BlackElo "2210"]
[Annotator "NA"]
[PlyCount "44"]
[EventDate "2021.11.27"]
[EventType "team-tourn"]
[EventCountry "ENG"]
[SourceTitle "playchess.com"]
[Source "ChessBase"]
[SourceQuality "1"]
[TimeControl "40/6000+30:3000+30"]

1. d4 d5 2. c4 e6 3. Nf3 Nf6 4. Nc3 c5 5. cxd5 cxd4 6. Qxd4 exd5 7. e4 dxe4 8. Qxd8+ Kxd8 9. Ng5 Be6 10. Nxe6+ fxe6 11. Bg5 Ke8 12. Bb5+ Kf7 13. O-O $11 Be7 14. Rad1 Na6 15. Bxf6 gxf6 16. Nxe4 Rhd8 17. Rfe1 f5 18. Ng3 Bb4 19. Rf1 Bd2 20. Bc4 Kf6 21. Nh5+ Kg6 22. Ng3 Kf6 1/2-1/2

[Event "4NCL 2021-22"]
[Site "England"]
[Date "2022.02.13"]
[Round "4.22"]
[White "Han, Yichen"]
[Black "Zeidler, Sven P."]
[Result "1/2-1/2"]
[ECO "B08"]
[WhiteElo "2347"]
[BlackElo "2172"]
[Annotator "ChessBase"]
[PlyCount "96"]
[EventDate "2021.11.27"]
[EventType "team-tourn"]
[EventCountry "ENG"]
[SourceTitle "playchess.com"]
[Source "ChessBase"]
[SourceQuality "1"]
[TimeControl "40/6000+30:3000+30"]

1. e4 Nc6 2. Nf3 d6 3. d4 Nf6 4. Nc3 g6 5. Be3 Bg7 6. h3 O-O 7. Qd2 e5 8. d5 Ne7 9. g4 a6 10. O-O-O b5 11. a3 Bd7 12. Ne1 a5 13. f3 b4 14. Nb1 Qb8 15. h4 Qb7 16. Bh3 bxa3 17. Nxa3 Rfb8 18. Nd3 Nfxd5 19. Bg5 Nc8 20. c3 Nf4 21. Bxf4 exf4 22. g5 Ba4 23. Rde1 Ne7 24. Nxf4 Qb3 25. Bf1 Qa2 26. Bd3 Rb3 27. Nb1 Rab8 28. Bc4 Qxb2+ 29. Qxb2 Rxb2 30. Bd3 Rf2 31. Be2 Bb5 32. c4 Ba4 33. Kd2 Nc6 34. Nd3 Rg2 35. Reg1 Rxg1 36. Rxg1 Ne5 37. Rc1 Nxd3 38. Bxd3 Bd4 39. Be2 Rb2+ 40. Kd3 c5 41. Nc3 Bc6 42. Bd1 Kf8 43. Ra1 a4 44. Nxa4 Rd2+ 45. Kxd2 Bxa1 46. Nc3 Ke7 47. Nd5+ Ke6 48. f4 Bxd5 1/2-1/2

[Event "4NCL 2021-22"]
[Site "England"]
[Date "2022.02.13"]
[Round "4.24"]
[White "Townsend, M Paul"]
[Black "Khoury, Theo"]
[Result "1/2-1/2"]
[ECO "E01"]
[WhiteElo "2284"]
[BlackElo "2011"]
[Annotator "ChessBase"]
[PlyCount "113"]
[EventDate "2021.11.27"]
[EventType "team-tourn"]
[EventCountry "ENG"]
[SourceTitle "playchess.com"]
[Source "ChessBase"]
[SourceQuality "1"]
[TimeControl "40/6000+30:3000+30"]

1. d4 Nf6 2. Nf3 e6 3. g3 c5 4. Bg2 d5 5. c4 cxd4 6. Nxd4 e5 7. Nf3 d4 8. O-O Nc6 9. e3 Bc5 10. exd4 exd4 11. Nbd2 O-O 12. Nb3 Qb6 13. Bg5 Ne4 14. Bf4 Be6 15. Ne5 f5 16. Rc1 Nxe5 17. Bxe5 d3 18. Nxc5 Qxc5 19. Bf4 Rad8 20. Be3 Qb4 21. Qb3 Qxb3 22. axb3 b5 23. Rfd1 Rd7 24. f3 Nf6 25. Bf1 Rfd8 26. Rc3 Rb8 27. Rdxd3 bxc4 28. Rxd7 Nxd7 29. Bxc4 Bxc4 30. bxc4 Rxb2 31. Bxa7 Ne5 32. Bf2 Kf7 33. c5 Nc6 34. Rd3 Ne5 35. Rc3 Nc6 36. Rd3 Ne5 37. Ra3 Ke6 38. Bd4 Rb1+ 39. Kf2 Kd5 40. Bxe5 Kxe5 41. Rc3 Kd4 42. Rc2 Rb7 43. c6 Rc7 44. h4 g6 45. g4 fxg4 46. fxg4 h5 47. Kg3 Kd5 48. Kf4 Rxc6 49. Rd2+ Ke6 50. Kg5 Kf7 51. Rd7+ Kg8 52. gxh5 gxh5 53. Kxh5 Rb6 54. Kg5 Ra6 55. h5 Rb6 56. h6 Rb1 57. Rd8+ 1/2-1/2

[Event "4NCL 2021-22"]
[Site "England"]
[Date "2022.02.13"]
[Round "4.27"]
[White "Arkell, Keith C"]
[Black "Cont, Arya"]
[Result "1-0"]
[ECO "D38"]
[WhiteElo "2380"]
[BlackElo "2148"]
[Annotator "RC"]
[PlyCount "277"]
[EventDate "2021.11.27"]
[EventType "team-tourn"]
[EventCountry "ENG"]
[SourceTitle "playchess.com"]
[Source "ChessBase"]
[SourceQuality "1"]
[TimeControl "40/6000+30:3000+30"]

1. d4 d5 2. Nf3 Nf6 3. c4 e6 4. cxd5 exd5 5. Nc3 Bb4 6. Qa4+ Nc6 7. Bg5 h6 8. Bxf6 Qxf6 9. e3 O-O 10. Be2 Rd8 11. a3 Bxc3+ 12. bxc3 Bg4 13. O-O b6 14. c4 Ne7 15. Rfc1 c6 16. cxd5 Rxd5 17. h3 Ra5 18. Qd1 Bxf3 19. Bxf3 Rd8 20. Qe2 c5 21. dxc5 Rxc5 22. Rd1 Rdc8 23. Rab1 Rc2 24. Rd8+ Rxd8 25. Qxc2 Qf5 26. Qxf5 Nxf5 27. Rc1 Nd6 28. a4 Rd7 29. Rd1 Kf8 30. Bg4 Rd8 31. Rc1 Ne8 32. Kf1 g6 33. Be2 Rd7 34. g4 Rc7 35. Rd1 Ke7 36. h4 Nd6 37. Rd4 Rc5 38. Kg2 f6 39. f4 Ke6 40. Kf3 g5 41. hxg5 hxg5 42. Bd1 gxf4 43. exf4 Rc3+ 44. Ke2 f5 45. g5 Ra3 46. Bc2 a6 47. Rb4 b5 48. axb5 axb5 49. Bb3+ Ke7 50. Kd3 Ra1 51. Kd4 Rb1 52. Kd3 Rf1 53. Ba2 Rg1 54. Kd4 Rd1+ 55. Ke3 Re1+ 56. Kf3 Ne4 57. Rxb5 Rf1+ 58. Ke3 Re1+ 59. Kd4 Rd1+ 60. Ke5 Nd6 61. Rb1 Rd2 62. Bd5 Re2+ 63. Kd4 Rd2+ 64. Kc5 Rc2+ 65. Kb6 Rf2 66. Re1+ Kf8 67. Kc6 Nf7 68. Ra1 Rxf4 69. Ra8+ Kg7 70. Ra7 Kg6 71. Rxf7 Kxg5 72. Rg7+ Kf6 73. Rg8 Rg4 74. Rf8+ Ke5 75. Kc5 Rg1 76. Re8+ Kf4 77. Bc4 Rg3 78. Kd4 Ra3 79. Rg8 Rg3 80. Rh8 Rg1 81. Bd3 Rg4 82. Rh1 Rg3 83. Ra1 Kg5 84. Rf1 f4 85. Be2 Re3 86. Bf3 Kf5 87. Rf2 Re8 88. Rg2 Rd8+ 89. Kc3 Rd6 90. Bg4+ Kf6 91. Be2 Ke5 92. Rg8 Rc6+ 93. Kd2 Rd6+ 94. Ke1 Rh6 95. Re8+ Re6 96. Ra8 Rh6 97. Ra5+ Ke4 98. Ra4+ Ke3 99. Ra3+ Kd4 100. Kf1 Rb6 101. Kf2 Rh6 102. Ra4+ Ke5 103. Ra5+ Kd4 104. Kf3 Rf6 105. Bd1 Kd3 106. Rd5+ Kc4 107. Rd8 Kb4 108. Bc2 Kc3 109. Be4 Kc4 110. Rd5 Rf8 111. Ra5 Kd4 112. Bf5 Re8 113. Ra4+ Kd5 114. Be4+ Ke5 115. Ra5+ Kd4 116. Bg6 Rg8 117. Bf7 Rg1 118. Rd5+ Kc3 119. Rf5 Rf1+ 120. Ke2 Rh1 121. Rxf4 Rh2+ 122. Ke3 Rh3+ 123. Ke4 Rd3 124. Rf1 Rd4+ 125. Ke5 Rd7 126. Be6 Ra7 127. Rf3+ Kd2 128. Kd4 Ke2 129. Rf8 Rg7 130. Bc4+ Kd2 131. Rf2+ Ke1 132. Re2+ Kd1 133. Rh2 Rg3 134. Bd3 Rg8 135. Kc3 Rc8+ 136. Bc4 Ke1 137. Re2+ Kd1 138. Re7 Rc6 139. Rf7 1-0

[Event "4NCL 2021-22"]
[Site "England"]
[Date "2022.02.13"]
[Round "4.30"]
[White "Hayward, Philip"]
[Black "Eggleston, David J"]
[Result "0-1"]
[ECO "A29"]
[WhiteElo "2009"]
[BlackElo "2343"]
[Annotator "ChessBase"]
[PlyCount "147"]
[EventDate "2021.11.27"]
[EventType "team-tourn"]
[EventCountry "ENG"]
[SourceTitle "playchess.com"]
[Source "ChessBase"]
[SourceQuality "1"]
[TimeControl "40/6000+30:3000+30"]

1. c4 e5 2. g3 Nf6 3. Bg2 Nc6 4. Nc3 Bb4 5. Nd5 O-O 6. Nf3 d6 7. O-O Bc5 8. d3 h6 9. e3 Bg4 10. h3 Bh5 11. a3 Bb6 12. b4 Nxd5 13. cxd5 Ne7 14. Qb3 Kh8 15. g4 Bg6 16. e4 c6 17. dxc6 Nxc6 18. Bb2 h5 19. Kh2 Qe7 20. Rae1 a6 21. Qd1 Rad8 22. Nd2 Qh4 23. Kg1 hxg4 24. hxg4 Bd4 25. Bc1 Kg8 26. Nc4 f6 27. Ne3 Ne7 28. Bf3 d5 29. Kg2 dxe4 30. Rh1 exf3+ 31. Qxf3 Qxh1+ 32. Rxh1 Be8 33. Qh3 Bc6+ 34. f3 Bxe3 35. Bxe3 Kf7 36. Qh5+ Ng6 37. Qf5 Rh8 38. g5 Rxh1 39. Kxh1 Rh8+ 40. Kg1 Nh4 41. g6+ Nxg6 42. Qg4 Ne7 43. Kf2 g5 44. Qc4+ Kg6 45. d4 exd4 46. Qxd4 Rh3 47. Qd8 Rxf3+ 48. Ke2 Nf5 49. Qg8+ Kh5 50. Bf2 Kg4 51. Qe6 Kh3 52. Ke1 Kg2 53. Qa2 Kh3 54. Qe6 g4 55. Qxf6 g3 56. Bc5 Rf4 57. Qh8+ Nh4 58. Bd6 g2 59. Qc8+ Rf5 60. Bc5 Be4 61. Ke2 Bf3+ 62. Kd3 Bg4 63. Qc7 Nf3 64. Ba7 b5 65. Ke4 g1=Q 66. Bxg1 Nxg1 67. Qa7 Ne2 68. Qxa6 Nc3+ 69. Kd4 Ne2+ 70. Ke4 Rf4+ 71. Ke5 Rf3 72. a4 Re3+ 73. Kd5 Be6+ 74. Kc5 0-1

[Event "4NCL 2021-22"]
[Site "England"]
[Date "2022.02.13"]
[Round "4.31"]
[White "Boswell, Jacob Connor"]
[Black "Arora, Tashika"]
[Result "0-1"]
[ECO "A45"]
[WhiteElo "2053"]
[BlackElo "1823"]
[Annotator "ChessBase"]
[PlyCount "72"]
[EventDate "2021.11.27"]
[EventType "team-tourn"]
[EventCountry "ENG"]
[SourceTitle "playchess.com"]
[Source "ChessBase"]
[SourceQuality "1"]
[TimeControl "40/6000+30:3000+30"]

1. d4 Nf6 2. Bg5 Ne4 3. h4 d5 4. Nd2 Bf5 5. e3 Nxg5 6. hxg5 e6 7. f4 c5 8. g4 Bg6 9. c3 cxd4 10. cxd4 Nc6 11. Ngf3 Qb6 12. Nb3 Nb4 13. Kf2 Be4 14. Rh2 Bd6 15. Ne1 Rc8 16. Rc1 Ke7 17. a3 Nc2 18. Nd2 Qxb2 19. Rb1 Nxe3 20. Kxe3 Bxb1 21. Qxb1 Qxb1 22. Nxb1 Rc1 23. Rb2 Rxe1+ 24. Kf2 Rc1 25. f5 b6 26. Bd3 h5 27. f6+ gxf6 28. gxf6+ Kxf6 29. g5+ Kxg5 30. Nd2 h4 31. Nf3+ Kf6 32. Ke3 h3 33. Rf2 Ke7 34. Ng5 f6 35. Bg6 h2 36. Rxf6 Kxf6 0-1

[Event "4NCL 2021-22"]
[Site "England"]
[Date "2022.02.13"]
[Round "4.32"]
[White "Zakarian, Dimitrios Levon"]
[Black "Pert, Max"]
[Result "1-0"]
[ECO "D37"]
[WhiteElo "1962"]
[BlackElo "1922"]
[Annotator "NA"]
[PlyCount "63"]
[EventDate "2021.11.27"]
[EventType "team-tourn"]
[EventCountry "ENG"]
[SourceTitle "playchess.com"]
[Source "ChessBase"]
[SourceQuality "1"]
[TimeControl "40/6000+30:3000+30"]

1. d4 d5 2. Nf3 Nf6 3. c4 e6 4. Nc3 a6 5. cxd5 exd5 6. Bg5 Be6 7. e3 Nbd7 8. Bd3 h6 9. Bh4 g5 10. Bg3 Nh5 11. Be5 Nhf6 12. Qb3 g4 13. Bxf6 Qxf6 14. Ne5 O-O-O 15. Nc6 Re8 16. Na5 Nb6 17. Na4 Qe7 18. Nc5 Kb8 19. Bxa6 Bc8 20. Bxb7 Bxb7 21. Naxb7 Bg7 22. O-O-O Qh4 23. Nd6 Re7 24. Nf5 Qg5 25. Nxe7 Qxe7 26. Qa3 Qf6 27. Qa6 Qc6 28. Kb1 Bf8 29. Rc1 Rg8 30. Ka1 Rg6 31. Nb3 Qa4 32. Na5 1-0

[Event "4NCL 2021-22"]
[Site "England"]
[Date "2022.02.13"]
[Round "4.35"]
[White "Venkatesan, Kavin"]
[Black "Holland, James P"]
[Result "1/2-1/2"]
[ECO "A40"]
[WhiteElo "2074"]
[BlackElo "2224"]
[Annotator "ChessBase"]
[PlyCount "65"]
[EventDate "2021.11.27"]
[EventType "team-tourn"]
[EventCountry "ENG"]
[SourceTitle "playchess.com"]
[Source "ChessBase"]
[SourceQuality "1"]
[TimeControl "40/6000+30:3000+30"]

1. d4 b5 2. e4 a6 3. Nf3 Bb7 4. Nbd2 e6 5. Bd3 c5 6. c3 d6 7. O-O g5 8. a4 b4 9. cxb4 g4 10. Ne1 cxd4 11. Qxg4 Nc6 12. b5 Ne5 13. Qe2 Nxd3 14. Qxd3 Bg7 15. Nef3 Ne7 16. Nxd4 d5 17. bxa6 Bxa6 18. Nb5 dxe4 19. Qxd8+ Kxd8 20. Ra3 f5 21. Rd1 Nd5 22. Nc4 Ke7 23. Rg3 Bf6 24. b3 Rad8 25. Ba3+ Kd7 26. Nbd6 Kc7 27. Nf7 Nf4 28. Rxd8 Ne2+ 29. Kf1 Nxg3+ 30. hxg3 Rxd8 31. Nxd8 Kxd8 32. Ke2 Bd4 33. f3 1/2-1/2

[Event "4NCL 2021-22"]
[Site "England"]
[Date "2022.02.13"]
[Round "4.36"]
[White "Rendle, Thomas E"]
[Black "Carroll, Peter"]
[Result "1-0"]
[ECO "B21"]
[WhiteElo "2365"]
[BlackElo "2122"]
[Annotator "NA"]
[PlyCount "63"]
[EventDate "2021.11.27"]
[EventType "team-tourn"]
[EventCountry "ENG"]
[SourceTitle "playchess.com"]
[Source "ChessBase"]
[SourceQuality "1"]
[TimeControl "40/6000+30:3000+30"]

1. e4 c5 2. Be2 Nc6 3. d3 g6 4. f4 Bg7 5. Nf3 d5 6. O-O dxe4 7. dxe4 Bg4 8. c3 Nf6 9. h3 Bxf3 10. Bxf3 Qxd1 11. Rxd1 e5 12. Na3 O-O 13. Nc4 Rfd8 14. Rxd8+ Rxd8 15. fxe5 Nd7 16. Bg5 Rb8 17. e6 fxe6 18. Bg4 Nf8 19. a4 b6 20. Rd1 Re8 21. Nd6 Rb8 22. Nb5 Ne5 23. Be2 Nfd7 24. Nxa7 Ra8 25. Nc6 Nf7 26. Be3 Nf6 27. Bc4 Nxe4 28. Bxe6 Kf8 29. Rd7 Neg5 30. Bd5 Rxa4 31. Bxg5 Nxg5 32. Rd8# 1-0

[Event "4NCL 2021-22"]
[Site "England"]
[Date "2022.02.13"]
[Round "4.37"]
[White "Thorarinsson, Pall A."]
[Black "Batchelor, Peter J"]
[Result "0-1"]
[ECO "A17"]
[WhiteElo "2166"]
[BlackElo "2366"]
[Annotator "NA"]
[PlyCount "64"]
[EventDate "2021.11.27"]
[EventType "team-tourn"]
[EventCountry "ENG"]
[SourceTitle "playchess.com"]
[Source "ChessBase"]
[SourceQuality "1"]
[TimeControl "40/6000+30:3000+30"]

1. c4 Nf6 2. Nf3 e6 3. Nc3 Bb4 4. Qb3 Nc6 5. a3 Bxc3 6. Qxc3 d6 7. b4 e5 8. d3 Bg4 9. e3 O-O 10. Be2 Re8 11. Bb2 Qd7 12. h3 Bxf3 13. Bxf3 Nd4 14. Bxb7 Rab8 15. Be4 Nxe4 16. dxe4 Ne6 17. f3 Qa4 18. O-O a5 19. c5 f6 20. cxd6 cxd6 21. Qd2 axb4 22. axb4 Qxb4 23. Bc3 Qc5 24. Ra5 Qc4 25. Rc1 Rbc8 26. Bb2 Qb3 27. Rxc8 Rxc8 28. Qd5 Qxe3+ 29. Kh1 Kf7 30. Rb5 Rc7 31. Rb3 Qf2 32. Rc3 Qe1+ 0-1

[Event "4NCL 2021-22"]
[Site "England"]
[Date "2022.02.13"]
[Round "4.39"]
[White "Freeman, Gordon"]
[Black "Foisor, Mihaela-Veronica"]
[Result "1/2-1/2"]
[ECO "D11"]
[WhiteElo "2092"]
[BlackElo "2208"]
[Annotator "NA"]
[PlyCount "36"]
[EventDate "2021.11.27"]
[EventType "team-tourn"]
[EventCountry "ENG"]
[SourceTitle "playchess.com"]
[Source "ChessBase"]
[SourceQuality "1"]
[TimeControl "40/6000+30:3000+30"]

1. d4 d5 2. Nf3 Nf6 3. c4 c6 4. Qc2 Bg4 5. Ne5 e6 6. Nxg4 Nxg4 7. h3 Nf6 8. e3 Nbd7 9. Nc3 Bd6 10. Be2 O-O 11. O-O Rc8 12. e4 dxe4 13. Nxe4 Nxe4 14. Qxe4 Nf6 15. Qc2 e5 16. dxe5 Bxe5 17. Be3 c5 18. Rad1 Qb6 1/2-1/2

[Event "4NCL 2021-22"]
[Site "England"]
[Date "2022.02.13"]
[Round "4.40"]
[White "Murphy, Hugh W"]
[Black "Jackson, Carl"]
[Result "1/2-1/2"]
[ECO "C21"]
[WhiteElo "2107"]
[BlackElo "1979"]
[Annotator "NA"]
[PlyCount "30"]
[EventDate "2021.11.27"]
[EventType "team-tourn"]
[EventCountry "ENG"]
[SourceTitle "playchess.com"]
[Source "ChessBase"]
[SourceQuality "1"]
[TimeControl "40/6000+30:3000+30"]

1. e4 e5 2. d4 exd4 3. c3 d5 4. exd5 Qxd5 5. cxd4 Nc6 6. Be3 Nf6 7. Nc3 Bb4 8. Nge2 Bg4 9. h3 Bh5 10. Qa4 Ne4 11. a3 Bxe2 12. axb4 Nxc3 13. bxc3 Bxf1 14. Kxf1 O-O 15. Qa2 Ne7 1/2-1/2

[Event "4NCL 2021-22"]
[Site "England"]
[Date "2022.02.13"]
[Round "4.41"]
[White "Rocco, Federico"]
[Black "Derakhshani, Borna"]
[Result "0-1"]
[ECO "B12"]
[WhiteElo "2221"]
[BlackElo "2371"]
[Annotator "ChessBase"]
[PlyCount "68"]
[EventDate "2021.11.27"]
[EventType "team-tourn"]
[EventCountry "ENG"]
[SourceTitle "playchess.com"]
[Source "ChessBase"]
[SourceQuality "1"]
[TimeControl "40/6000+30:3000+30"]

1. e4 c6 2. d4 d5 3. e5 Bf5 4. Nf3 e6 5. Be2 Ne7 6. Nh4 h6 7. Nxf5 Nxf5 8. O-O c5 9. c3 Nc6 10. g4 Nh4 11. Be3 Qb6 12. Nd2 f6 13. f4 h5 14. exf6 gxf6 15. Bf2 hxg4 16. Bxg4 O-O-O 17. Bxe6+ Kb8 18. Qe1 cxd4 19. Kh1 Ng6 20. Bf7 Nge7 21. Nb3 Nf5 22. Qe6 Ne3 23. Bxe3 dxe3 24. Rae1 Qc7 25. Qxf6 Be7 26. Qe6 Bh4 27. Rxe3 Rd6 28. Qf5 Rf6 29. Qxd5 Qxf7 30. Qe4 Rfh6 31. f5 Bd8 32. Re2 Bc7 33. Rff2 Qh7 34. Nc5 Bxh2 0-1

[Event "4NCL 2021-22"]
[Site "England"]
[Date "2022.02.13"]
[Round "4.42"]
[White "Willow, Jonah B"]
[Black "Villiers, Thomas"]
[Result "1-0"]
[ECO "B81"]
[WhiteElo "2365"]
[BlackElo "2277"]
[Annotator "ChessBase"]
[PlyCount "50"]
[EventDate "2021.11.27"]
[EventType "team-tourn"]
[EventCountry "ENG"]
[SourceTitle "playchess.com"]
[Source "ChessBase"]
[SourceQuality "1"]
[TimeControl "40/6000+30:3000+30"]

1. e4 c5 2. Nf3 d6 3. d4 cxd4 4. Nxd4 Nf6 5. Nc3 a6 6. h3 b5 7. g4 Bb7 8. Bg2 e6 9. g5 Nfd7 10. a3 Be7 11. h4 Qc7 12. h5 Nc6 13. Nxc6 Bxc6 14. Qe2 O-O 15. O-O Rac8 16. f4 d5 17. exd5 Bc5+ 18. Kh2 exd5 19. Bxd5 Rfe8 20. Qf3 Nb6 21. Bxc6 Qxc6 22. Qxc6 Rcd8 23. Qxe8+ Rxe8 24. Rd1 Nc4 25. Kg3 Re1 1-0

[Event "4NCL 2021-22"]
[Site "England"]
[Date "2022.02.13"]
[Round "4.44"]
[White "Horton, Jamie A"]
[Black "Stoica, Savas Marin"]
[Result "0-1"]
[ECO "E07"]
[WhiteElo "2275"]
[BlackElo "2129"]
[Annotator "ChessBase"]
[PlyCount "54"]
[EventDate "2021.11.27"]
[EventType "team-tourn"]
[EventCountry "ENG"]
[SourceTitle "playchess.com"]
[Source "ChessBase"]
[SourceQuality "1"]
[TimeControl "40/6000+30:3000+30"]

1. d4 d5 2. c4 e6 3. Nc3 c6 4. g3 Nf6 5. Bg2 Be7 6. Nf3 O-O 7. O-O Nbd7 8. Qc2 dxc4 9. e4 b5 10. Bg5 h6 11. Bf4 b4 12. Nd1 Ba6 13. Re1 c5 14. Ne3 cxd4 15. Nxd4 Nb6 16. Rad1 Qe8 17. e5 Nfd5 18. Nxd5 Nxd5 19. Bxd5 exd5 20. e6 Bc8 21. exf7+ Qxf7 22. Rd2 Bd7 23. Rde2 Bf6 24. Be5 Rae8 25. f4 g5 26. fxg5 Bxe5 27. Rxe5 Rxe5 0-1

[Event "4NCL 2021-22"]
[Site "England"]
[Date "2022.02.13"]
[Round "4.45"]
[White "Ethelontis, Alexandros N"]
[Black "Fitzsimons, David"]
[Result "0-1"]
[ECO "A29"]
[WhiteElo "2131"]
[BlackElo "2369"]
[Annotator "NA"]
[PlyCount "74"]
[EventDate "2021.11.27"]
[EventType "team-tourn"]
[EventCountry "ENG"]
[SourceTitle "playchess.com"]
[Source "ChessBase"]
[SourceQuality "1"]
[TimeControl "40/6000+30:3000+30"]

1. c4 e5 2. g3 d5 3. cxd5 Qxd5 4. Nf3 Nc6 5. Nc3 Qd8 6. Bg2 Nf6 7. O-O h6 8. a3 a5 9. Rb1 Bf5 10. d3 Bd6 11. Bd2 O-O 12. b4 axb4 13. axb4 Re8 14. Nh4 Bc8 15. Ne4 Be7 16. b5 Nd4 17. e3 Nf5 18. Nxf5 Bxf5 19. Nxf6+ Bxf6 20. Bxb7 Ra3 21. Rb3 Rxb3 22. Qxb3 Bxd3 23. Bd5 Bxf1 24. Bxf7+ Kh8 25. Bxe8 Bh3 26. Bg6 Qxd2 27. Qb1 Bg4 28. Kg2 Qd1 29. Qe4 Be2 30. Qa8+ Bd8 31. h4 Qf1+ 32. Kh2 Qxf2+ 33. Kh3 Bf1+ 34. Kg4 Qe2+ 35. Kf5 Bh3+ 36. Kxe5 Qb2+ 37. Kf4 Qf6+ 0-1